 Dungeon Crawl Stone Soup version 0.28.0-53-g5a82cb258f (webtiles) character file.

Game seed: 11765383018447064402

2618 funkygono the Carver (level 9, -4/81 HPs)
             Began as a Minotaur Fighter on July 6, 2022.
             Was a Believer of Okawaru.
             Slain by a gnoll
             ... wielding a +2 spear of electrocution
              (20 damage)
             ... on level 6 of the Dungeon.
             The game lasted 00:10:04 (7162 turns).

funkygono the Carver (Minotaur Fighter)             Turns: 7162, Time: 00:10:06

Health: -4/81      AC: 13    Str: 25    XL:     9   Next: 34%
Magic:  8/8        EV:  8    Int:  5    God:    Okawaru [**....]
Gold:   261        SH:  5    Dex: 10    Spells: 8/8 levels left

rFire   . . .      SeeInvis .   a - +2 long sword
rCold   . . .      Faith    .   c - +0 buckler
rNeg    . . .      Spirit   .   e - +0 chain mail
rPois   .          Reflect  .   (helmet restricted)
rElec   .          Harm     .   A - +0 cloak
rCorr   .          Rampage  .   (no gloves)
Will    .....                   n - +0 pair of boots
Stlth   ..........              m - amulet of magic regeneration
HPRegen 0.23/turn               o - +4 ring of slaying
MPRegen 0.51/turn               C - ring of flight

@: flying
A: horns 2, retaliatory headbutt
a: Renounce Religion, Heroism


You were on level 6 of the Dungeon.
You worshipped Okawaru.
Okawaru was pleased with you.
You visited 2 branches of the dungeon, and saw 7 of its levels.

You collected 261 gold pieces.

Inventory:

Hand Weapons
 a - a +2 long sword (weapon)
 b - a +0 hand crossbow
 h - a +2 antimagic halberd
 z - a +2 quarterstaff of chaos
Missiles
 g - 5 silver javelins (quivered)
 s - 3 throwing nets
 v - 43 bolts
Armour
 c - a +0 buckler (worn)
 e - a +0 chain mail (worn)
 n - a +0 pair of boots (worn)
 y - a +1 robe of cold resistance
 A - a +0 cloak (worn)
Jewellery
 j - a ring of ice
 m - an amulet of magic regeneration (around neck)
 o - a +4 ring of slaying (left hand)
 r - a ring of protection from fire
 C - a ring of flight (right hand)
Wands
 q - a wand of iceblast (11)
 w - a wand of digging (2)
Scrolls
 f - a scroll of teleportation
 p - a scroll of enchant weapon
 t - a scroll of blinking
Potions
 d - 2 potions of might
 i - 2 potions of brilliance
 k - a potion of curing
 l - 2 potions of mutation {unknown}
 u - a potion of cancellation {unknown}
 x - a potion of magic {unknown}
 B - 2 potions of heal wounds
 D - a potion of berserk rage {unknown}


   Skills:
 + Level 7.9 Fighting
 + Level 8.7 Long Blades
 + Level 4.7 Crossbows
 + Level 0.9 Throwing
 + Level 8.4 Armour
 + Level 1.8 Dodging
 + Level 1.0 Stealth
 + Level 5.3 Shields


You had 8 spell levels left.
You didn't know any spells.
Your spell library contained the following spells:

 Spells                   Type           Power      Damage    Failure   Level
 Apportation              Tloc           0%         N/A       98%         1
 Static Discharge         Conj/Air       0%         N/A       99%         2
 Lightning Bolt           Conj/Air       0%         1d11      100%        5
 Maxwell's Capacitive Co  Air            0%         ∞         100%        8
 Animate Skeleton         Necr           Unusable   N/A       N/A         1
 Summon Small Mammal      Summ           Unusable   N/A       N/A         1

Dungeon Overview and Level Annotations

Branches:
Dungeon (6/15)             Temple (1/1) D:4

Altars:
Ashenzari
Cheibriados
Dithmenos
Elyvilon
Fedhas
Makhleb
Nemelex Xobeh
Okawaru
Qazlal
Ru
Sif Muna
Trog
Wu Jian
Yredelemnul
Zin
The Shining One

Shops:
D:4 :

Annotations:
D:6 1 transporter, diceflayer's ghost, novice MiFi


Innate Abilities, Weirdness & Mutations

You have a pair of horns on your head.
You reflexively headbutt those who attack you in melee.


Message History

The gnoll sergeant is heavily wounded.
You feel sick. You block the gnoll sergeant's attack.
The gnoll sergeant hits you but does no damage.
The gnoll hits you with a +2 spear of electrocution.
You block the gnoll's attack.
The gnoll zaps a wand.
You struggle to resist.
You barely miss the gnoll sergeant.
The gnoll sergeant is heavily wounded.
You feel sick.
The gnoll zaps a wand.
The puff of flame hits you but does no damage.
The gnoll barely misses you. The gnoll sergeant barely misses you.
The gnoll sergeant hits you with a +2 spear of venom.
You are more poisoned.
The gnoll barely misses you. x2
You hit the gnoll sergeant but do no damage.
The gnoll sergeant is heavily wounded.
You feel very sick.
The gnoll zaps a wand.
You struggle to resist.
The gnoll closely misses you. The gnoll barely misses you.
The gnoll sergeant hits you but does no damage.
You are more poisoned.
The gnoll sergeant hits you but does no damage.
You hit the gnoll sergeant. You headbutt the gnoll sergeant.
You kill the gnoll sergeant!
Okawaru accepts your kill.
You feel very sick. The gnoll hits you but does no damage.
You are electrocuted!
* * * LOW HITPOINT WARNING * * *
The gnoll hits you from afar with a +0 halberd of venom.
* * * LOW HITPOINT WARNING * * *
You are more poisoned.
You block the gnoll's attack. The gnoll hits you but does no damage.
The gnoll hits you from afar with a +0 halberd!
* * * LOW HITPOINT WARNING * * *
You feel better.
You feel like a meek peon again. You block the gnoll sergeant's attack.
The gnoll hits you with a +2 spear of electrocution.
* * * LOW HITPOINT WARNING * * *
You are electrocuted!!
You die...

#..≈≈≈≈≈≈≈≈≈≈≈≈≈≈≈≈≈≈≈≈≈≈≈≈≈..
#..≈≈≈≈≈≈≈≈≈≈≈≈≈≈≈≈≈≈≈≈≈≈≈≈≈..
#..≈≈#####...........#####≈≈..
##.≈≈#.8.#.###.©.###.#g8.#≈≈..
#.≈≈#...###.#####.###ggg#≈≈..
#.≈≈###...........ggg.###≈≈..
#.≈≈.8#.##'###'######.#8.≈≈.#
#.≈≈.##.#..g#g.8#W.$#.##.≈≈.#
#.≈≈.#..'.g)@g©⌠#:.$'..#.≈≈.#
#.≈≈.##.#..g#.)8#)$$#.##.≈≈..
#.≈≈.8#.##'###g######.#8.≈≈..
#.≈≈###.......g.......###≈≈..
#.≈≈#...###©#####.###...#≈≈..
#.≈≈#.8.#.###.©.###.#W8.#≈≈..
#.≈≈#####...........#####≈≈..
#.≈≈≈≈≈≈≈≈≈≈≈..[≈≈≈≈≈≈≈≈≈≈≈..
#.≈≈≈≈≈≈≈≈≈≈≈...≈≈≈≈≈≈≈≈≈≈≈..


You could see a gnoll sergeant and 6 gnolls.

Vanquished Creatures
  Sigmund (D:3)
  Menkaure (D:6)
  4 water moccasins
  An orc warrior (D:6)
  A black bear (D:4)
  A sky beast (D:6)
  2 ogres (D:4)
  3 phantoms
  A bullfrog (D:6)
  A wyvern zombie (D:5)
  A gnoll sergeant (D:6)
  3 scorpions
  A howler monkey (D:6)
  A bullfrog zombie (D:6)
  2 jellies
  2 centaur skeletons (D:5)
  A gnoll shaman (D:6)
  4 hounds
  Crazy Yiuf (D:3)
  2 orc priests (D:6)
  A bullfrog skeleton (D:4)
  3 iguanas
  3 orc wizards
  A killer bee zombie (D:6)
  A hound skeleton (D:4)
  8 gnolls
  7 adders
  2 white imps
  An ufetubus (D:6)
  2 worms
  2 dart slugs
  11 orcs
  8 endoplasms
  3 giant cockroaches
  6 goblins
  7 hobgoblins
  10 jackals
  7 quokkas
  6 ball pythons
  6 bats
  4 frilled lizards
  12 kobolds
  5 rats
150 creatures vanquished.

Vanquished Creatures (others)
  An orc wizard (D:3)
  6 plants (D:6)
7 creatures vanquished.

Grand Total: 157 creatures vanquished

Notes
Turn   | Place    | Note
-------+----------+-------------------------------------------
     0 | D:1      | funkygono the Minotaur Fighter began the quest for the Orb.
     0 | D:1      | Reached XP level 1. HP: 19/19 MP: 0/0
   311 | D:1      | Reached XP level 2. HP: 24/27 MP: 1/1
   474 | D:1      | Found a faded altar of an unknown god.
   534 | D:1      | Reached XP level 3. HP: 28/33 MP: 2/2
  1451 | D:2      | Reached XP level 4. HP: 19/41 MP: 3/3
  2127 | D:2      | Reached skill level 5 in Armour
  2398 | D:3      | Reached XP level 5. HP: 38/47 MP: 4/4
  2561 | D:3      | Noticed Sigmund
  2595 | D:3      | Killed Sigmund
  2596 | D:3      | Reached skill level 5 in Fighting
  2596 | D:3      | Reached XP level 6. HP: 10/56 MP: 5/5
  2875 | D:3      | Found a runed translucent door.
  2876 | D:3      | Noticed Crazy Yiuf
  2881 | D:3      | Killed Crazy Yiuf
  3053 | D:3      | Noticed a water moccasin
  3070 | D:3      | Killed a water moccasin
  3449 | D:3      | Reached skill level 5 in Long Blades
  3695 | D:3      | Found a shimmering blue altar of Sif Muna.
  3704 | D:3      | Reached skill level 1 in Dodging
  4145 | D:4      | Reached XP level 7. HP: 59/61 MP: 6/6
  4582 | D:4      | You are sucked into a shaft and drop 1 floor!
  4582 | D:5      | Entered Level 5 of the Dungeon
  4645 | D:5      | Found a shadowy altar of Dithmenos.
  4829 | D:4      | Found Bemauw's Book Shop.
  4846 | D:4      | Reached skill level 5 in Shields
  4847 | D:4      | Reached XP level 8. HP: 40/70 MP: 1/7
  5131 | D:4      | Found a staircase to the Ecumenical Temple.
  5161 | Temple   | Entered the Ecumenical Temple
  5221 | Temple   | Became a worshipper of Warmaster Okawaru
  5851 | D:5      | Reached skill level 1 in Crossbows
  5948 | D:5      | Found a snail-covered altar of Cheibriados.
  6026 | D:5      | Reached skill level 1 in Stealth
  6342 | D:5      | Reached * piety under Okawaru
  6612 | D:6      | Reached XP level 9. HP: 79/79 MP: 8/8
  6815 | D:6      | Identified the +2 scale mail of the Turtle {Will+ Int+7}
  6825 | D:6      | Found the ring of the Octopus King
  6826 | D:6      | Noticed diceflayer's ghost (novice MiFi)
  6865 | D:6      | Found a transporter.
  6865 | D:6      | Found a transporter.
  6936 | D:6      | Noticed Menkaure
  6938 | D:6      | Killed Menkaure
  7161 | D:6      | Reached ** piety under Okawaru
  7162 | D:6      | Slain by a gnoll

Illustrated notes

Levels and vault maps discovered:
D:1:      denvon_arrival_planthouse, layout_loops_ring,
          shapermc_ecumenical_altar_totnotflames, roderic_serpentine_path,
          minmay_hexomino_c4
D:2:      layout_basic
D:3:      layout_basic, kennysheep_orc_sif_temple, corexii_corridor_pit,
          uniq_crazy_yiuf_cottage, uniq_sigmund
D:4:      layout_cave_pods, temple_hall, serial_shops,
          nicolae_shop_hallway_stairs, minmay_ruptured
D:5:      layout_cave_pools, mainiacjoe_overflow_catwalk,
          cheibrodos_worm_habitat, st_stairs_10
D:6:      layout_cave_pools, gammafunk_ghost_gnarly_gnolls, uniq_menkaure
Temple:   dshaligram_water_room_temple

Skill      XL: |  1  2  3  4  5  6  7  8  9 |
---------------+----------------------------+-----
Armour         | 4 5 6 7 8 |  8.4
Shields        | 4 5 |  5.3
Fighting       | 4 5 6 7 |  7.9
Long Blades    | 3 4 5 6 8 |  8.7
Dodging        | 1 |  1.8
Crossbows      | 2 4 |  4.7
Stealth        | 1 |  1.0
Throwing       | |  0.9

Action                   |  1- 3 |  4- 6 |  7- 9 || total
-------------------------+-------+-------+-------++-------
Melee: Long sword        |    98 |   154 |   141 ||   393
       Headbutt          |     9 |    18 |    25 ||    52
 Fire: Hand crossbow     |       |       |    63 ||    63
Throw: Javelin           |     1 |       |     6 ||     7
Invok: Heroism           |       |       |     1 ||     1
  Use: Potion            |       |     1 |     1 ||     2
       Scroll            |       |    13 |       ||    13
Armor: Chain mail        |    67 |    84 |    82 ||   233
       Scale mail        |     2 |       |       ||     2
Dodge: Dodged            |    37 |    61 |    56 ||   154
Block: Buckler           |    24 |    30 |    43 ||    97
